 Dungeon Crawl Stone Soup version 0.27.1-37-g7b29ead8ac (console) character file.

Game seed: 6579752272989616260

21 grimtooth the Caller (level 2, -3/19 HPs)
             Began as a Barachi Summoner on Sept 26, 2023.
             Succumbed to a kobold's poison
             ... on level 1 of the Dungeon.
             The game lasted 00:04:25 (959 turns).

grimtooth the Caller (Barachi Summoner)              Turns: 959, Time: 00:04:26

Health: -3/19      AC:  2    Str:  9    XL:     2   Next: 87%
Magic:  4/5        EV: 12    Int: 15    God:
Gold:   84         SH:  0    Dex: 12    Spells: 5/6 levels left

rFire    . . .     SeeInvis .   f - +0 dagger (venom)
rCold    . . .     Faith    .   (no shield)
rNeg     . . .     Spirit   .   a - +0 robe
rPois    .         Reflect  .   (no helmet)
rElec    .         Harm     .   (no cloak)
rCorr    .         Rampage  .   (no gloves)
Will     .....                  (no boots)
Stlth    ++........             (no amulet)
HPRegen  0.06/turn              (no ring)
MPRegen  0.09/turn              (no ring)

@: lethally poisoned (-3 -> -31), slow
A: amphibious, slowness 1, strong legs 1, +LOS
a: Hop


You were on level 1 of the Dungeon.
You visited 1 branch of the dungeon, and saw 1 of its levels.

You collected 84 gold pieces.

Inventory:

Hand Weapons
 f - a +0 dagger of venom (weapon)
Missiles
 c - 16 sling bullets
 e - 4 stones
 g - 8 poisoned darts
Armour
 a - a +0 robe (worn)
Scrolls
 b - a scroll of teleportation {unknown}
 d - a scroll of identify {unknown}
 h - a scroll of noise {unknown}


   Skills:
 - Level 2.1 Dodging
 - Level 1.7 Stealth
 + Level 2.6 Spellcasting
 * Level 5.5 Summonings


You had 5 spell levels left.
You knew the following spells:

 Your Spells              Type           Power      Damage    Failure   Level
L - Summon Small Mammal   Summ           72%        N/A       2%          1

Your spell library contained the following spells:

 Spells                   Type           Power      Damage    Failure   Level
 Call Imp                 Summ           18%        N/A       3%          2
 Call Canine Familiar     Summ           18%        N/A       6%          3
 Summon Guardian Golem    Hex/Summ       10%        N/A       21%         3
 Summon Lightning Spire   Summ/Air       10%        N/A       54%         4


Dungeon Overview and Level Annotations

Branches:
Dungeon (1/15)

Altars:

Shops:
D:1 *==[:


Innate Abilities, Weirdness & Mutations

You are amphibious.
You cover ground slowly.
You can hop short distances.
You have an extended range of vision and can be seen from far away.


Message History

You hit the rat.
You kill the rat!
You see here a rat corpse.
A frilled lizard comes into view.
A frilled lizard is nearby!
The helpless frilled lizard fails to defend itself.
You hit the frilled lizard.
You kill the frilled lizard!
A kobold comes into view. It is wielding a +0 dagger of venom.
Found a short sword.
Found Ufuih's Jewellery Shop.
A goblin comes into view. It is wielding a +0 club.
There is a stone staircase leading down here.
Casting: Summon Small Mammal (safe; 2% risk of failure)
Confirm with . or Enter, or press ? or * to list all spells.
Casting: Summon Small Mammal (safe; 2% risk of failure)
Confirm with . or Enter, or press ? or * to list all spells.
The goblin hits you with a +0 club.
You hit the goblin.
The goblin is severely wounded.
The goblin hits you with a +0 club.
You hit the goblin but do no damage.
The goblin is poisoned.
The goblin is severely wounded.
You kill the goblin!
There is a stone staircase leading down, spattered with blood here.
You see here a +0 club.
The kobold shouts!
You hear a shout!
You hear an angry hiss.
A goblin comes into view. It is wielding a +0 club.
The kobold hits you with a +0 dagger of venom.
You are poisoned.
A kobold comes into view. It is wielding a +0 dagger.
The kobold hits you with a +0 dagger of venom.
You are lethally poisoned!
You hit the kobold but do no damage.
You feel very sick.
Your quokka closely misses the goblin.
The kobold hits you with a +0 dagger of venom.
* * * LOW HITPOINT WARNING * * *
You are more poisoned.
You swap places.
You die...

............# #†#
######...##.# #.#
##.###.# #.# #......# #.#
#..##### #.# #..# #.#
#..# #.# #..# #.# #
#..#########.#
###.#######............#
##..)..Kr@....>.....#####
.......gr###.#####....#
.....#K#.# #.##.....∩.#
##. .. ... #.##.......#
... .##.##.##.....÷.###
###..# #...............#
..###.##.##.......#.# ##
.......##.......#.#
#..#[####.......#.#
#..#.# ####.####.# #....#
#)# #.#


You could see a goblin, 2 kobolds, a friendly quokka (summoned) and a friendly
rat (summoned).

Vanquished Creatures
  An endoplasm (D:1)
  2 giant cockroaches (D:1)
  2 goblins (D:1)
  2 hobgoblins (D:1)
  A kobold (D:1)
  4 quokkas (D:1)
  3 frilled lizards (D:1)
  2 rats (D:1)
17 creatures vanquished.

Vanquished Creatures (collateral kills)
  2 kobolds (D:1)
  A frilled lizard (D:1)
3 creatures vanquished.

Grand Total: 20 creatures vanquished

Notes
Turn   | Place    | Note
-------+----------+-------------------------------------------
     0 | D:1      | grimtooth the Barachi Summoner began the quest for the Orb.
     0 | D:1      | Reached XP level 1. HP: 13/13 MP: 3/3
   186 | D:1      | Found Qaelorik's Jewellery Boutique.
   199 | D:1      | Found Qatig's General Store.
   226 | D:1      | Reached skill level 5 in Summonings
   262 | D:1      | Reached XP level 2. HP: 13/19 MP: 1/5
   464 | D:1      | Found Ziudar's Armour Shoppe.
   666 | D:1      | Found Astrathew's Book Boutique.
   935 | D:1      | Found Ufuih's Jewellery Shop.
   959 | D:1      | Succumbed to a kobold's poison

Illustrated notes

Levels and vault maps discovered:
D:1:      dpeg_arrival_tiny_a, layout_loops_ring, serial_shops,
          nicolae_diamond_shop, shop, nicolae_shop_window_shopping, shop,
          shop_coins

Skill      XL: |  1 |
---------------+----+-----
Summonings     | 5 |  5.5
Dodging        | |  2.1
Stealth        | |  1.7
Spellcasting   | |  2.6

Action                   || total
-------------------------++-------
Melee: Dagger            ||    40
       Unarmed           ||     2
 Cast: Summon Small Mamm ||    15
 Stab: Sleeping          ||     3
       Distracted        ||     1
Armor: Robe              ||     6
Dodge: Dodged            ||    19
